 Dungeon Crawl Stone Soup version 0.29.0-13-gc9e81de378 (webtiles) character file.

Game seed: 9930251344122801560

3770 sasquatch the Martial Artist (level 9, -5/63 HPs)
             Began as a Demonspawn Monk on Sept 7, 2022.
             Was a High Priest of Dithmenos.
             Succumbed to their own poison gas
             ... on level 8 of the Dungeon.
             The game lasted 00:15:11 (8917 turns).

sasquatch the Martial Artist (Demonspawn Monk)      Turns: 8917, Time: 00:15:14

Health: -5/63      AC:  6    Str: 13    XL:     9   Next: 94%
Magic:  7/9        EV: 18    Int: 11    God:    Dithmenos [*****.]
Gold:   529        SH:  0    Dex: 19    Spells: 8/8 levels left

rFire   . . .      SeeInvis .     - Unarmed
rCold   . . .      Faith    .   (no shield)
rNeg    . . .      Spirit   .   B - +0 ring mail
rPois   +          Reflect  .   (helmet restricted)
rElec   .          Harm     .   g - +0 cloak
rCorr   .          Rampage  .   (no gloves)
Will    +....                   (no boots)
Stlth   +++++.....              (no amulet)
HPRegen 0.20/turn               L - ring of willpower
MPRegen 0.11/turn               y - +4 ring of evasion

@: lethally poisoned (-5 -> -43), attractive, wreathed by umbra
A: horns 1, powered by pain 1, sturdy frame 1, demonic magic 2, passive freeze,
poison resistance, noise suppression
a: Renounce Religion, Shadow Step, Shadow Form


You were on level 8 of the Dungeon.
You worshipped Dithmenos.
Dithmenos was extremely pleased with you.
You visited 1 branch of the dungeon, and saw 8 of its levels.

You collected 529 gold pieces.

Inventory:

Hand Weapons
 D - a +0 short sword of draining
 E - a +2 mace of venom
 J - a +0 short sword of protection
Missiles
 A - 18 poisoned darts (quivered)
 K - a boomerang
Armour
 g - a +0 cloak (worn)
 B - a +0 ring mail (worn)
Magical Staves
 n - a staff of air
Jewellery
 t - a ring of magical power
 y - a +4 ring of evasion (right hand)
 L - a ring of willpower (left hand)
Wands
 w - a wand of polymorph (3)
 z - a wand of paralysis (18)
 I - a wand of light (11)
Scrolls
 a - 2 scrolls of noise {unknown}
 d - 2 scrolls of poison
 f - 2 scrolls of vulnerability {unknown}
 i - a scroll of brand weapon {unknown}
 j - 7 scrolls of identify {unknown}
 l - a scroll of magic mapping {unknown}
 o - 2 scrolls of teleportation
 r - a scroll of torment {unknown}
 s - 2 scrolls of immolation
 v - 2 scrolls of amnesia {unknown}
 F - a scroll of fear {unknown}
Potions
 b - 3 potions of mutation
 c - 3 potions of degeneration
 e - a potion of might
 h - 2 potions of flight {unknown}
 k - 3 potions of attraction
 m - a potion of invisibility {unknown}
 p - a potion of curing {unknown}
 q - a potion of heal wounds {unknown}
 u - a potion of brilliance {unknown}
 x - a potion of lignification {unknown}
 C - a potion of magic {unknown}
 G - 3 potions of haste {unknown}
 H - a potion of ambrosia


   Skills:
 - Level 3.0 Fighting
 - Level 6.0 Dodging
 + Level 5.8 Stealth
 * Level 11.2 Unarmed Combat


You had 8 spell levels left.
You didn't know any spells.
Your spell library contained the following spells:

 Spells                   Type           Power      Damage    Failure   Level
 Ignite Poison            Fire/Tmut/Pois 0%         N/A       83%         3
 Inner Flame              Hex/Fire       0%         N/A       83%         3
 Mephitic Cloud           Conj/Pois/Air  0%         N/A       83%         3
 Tukima's Dance           Hex            0%         N/A       83%         3
 Cause Fear               Hex            0%         N/A       99%         4
 Passage of Golubria      Tloc           0%         N/A       99%         4
 Freezing Cloud           Conj/Ice/Air   0%         6-21      100%        5
 Yara's Violent Unravell  Hex/Tmut       0%         3d3       100%        5
 Discord                  Hex            0%         N/A       100%        8


Dungeon Overview and Level Annotations

Branches:
Dungeon (8/15)             Temple (0/1) D:6
   Lair: D:8-11

Altars:
Ashenzari
Dithmenos
Fedhas
Kikubaaqudgha
Okawaru
Uskayaw

Shops:
D:1 (   D:3 (   D:5 =


Innate Abilities, Weirdness & Mutations

You have a pair of small horns on your head.
You sometimes gain a little power by taking damage.
Your movements are slightly less encumbered by armour. (ER -2)
Spells you cast may paralyse nearby enemies.
A frigid envelope surrounds you and freezes all who hurt you.
Your system is resistant to poisons. (rPois)
You passively dampen the noise of your surroundings.


Message History

Flame seeps out of the yak.
The yak attacks as you move away! The yak misses you.
You are engulfed in poison gas.
You are lethally poisoned!
You feel extremely sick.
The yak is engulfed in blazing flames.
Dithmenos accepts your kill.
You can now transform into a swirling mass of shadows.
The yak explodes!
The fiery explosion engulfs the yak!
The yak is heavily wounded.
The fiery explosion engulfs the yak!!!
Dithmenos accepts your kill.
The fiery explosion engulfs the yak!!!
Dithmenos accepts your kill.
The yak explodes!
The fiery explosion engulfs the yak!!
The yak is almost dead.
The fiery explosion engulfs the yak!!
Flame seeps out of the yak.
The yak is almost dead.
The yak explodes!
The fiery explosion engulfs the yak!!!
You kill the yak!
Dithmenos accepts your kill.
You hear an angry buzzing noise.
Your Unarmed Combat skill increases to level 11!
It was a potion of attraction.
You feel attractive to monsters.
You are engulfed in poison gas.
You are more poisoned.
* * * LOW HITPOINT WARNING * * *
x2 You feel extremely sick.
The yak is engulfed in blazing flames.
Flame seeps out of the yak.
The yak is attracted toward you.
It was a potion of mutation.
You feel extremely strange.
Your skin feels very cold.
You feel your surroundings grow quieter.
You feel resistant to poisons.
Your surroundings suddenly seem different.
Found 11 gold pieces.
You die...

# #.#..
#.###.#.####
.......>..
#.......#######
#.............#
#.............#
#....<........#
#.............#
#.......@.....#
##............#
..............#
##.............#
..............#
###.........=..#
.......#######
$......


There were no monsters in sight!

Vanquished Creatures
  Psyche (D:8)
  A hornet (D:7)
  Grinder (D:5)
  Sigmund (D:6)
  4 yaks (D:8)
  Grum (D:8)
  3 water moccasins
  A sky beast (D:7)
  An ice beast (D:5)
  2 wolves (D:8)
  2 ogres
  A phantom (D:7)
  A kobold brigand (D:7)
  3 bullfrogs
  2 necrophages (D:6)
  4 scorpions
  An electric eel (D:6)
  A howler monkey (D:7)
  A gnoll bouda (D:5)
  2 jellies
  An orc priest (D:5)
  3 hounds
  Ijyb (D:4)
  Terence (D:3)
  6 iguanas
  An orc wizard (D:5)
  4 adders
  10 gnolls
  A shadow imp (D:5)
  2 ufetubi (D:4)
  A worm (D:2)
  3 dart slugs (D:4)
  12 orcs
  5 bats
  13 endoplasms
  A giant cockroach (D:1)
  12 goblins
  14 hobgoblins
  14 jackals
  6 quokkas
  7 ball pythons
  3 frilled lizards
  12 kobolds
  7 rats
174 creatures vanquished.

Vanquished Creatures (others)
  2 plants (D:1)
  4 toadstools (D:7)
  4 withered plants (D:4)
10 creatures vanquished.

Grand Total: 184 creatures vanquished

Notes
Turn   | Place    | Note
-------+----------+-------------------------------------------
     0 | D:1      | sasquatch the Demonspawn Monk began the quest for the Orb.
     0 | D:1      | Reached XP level 1. HP: 18/18 MP: 1/1
    11 | D:1      | Found a faded altar of an unknown god.
   414 | D:1      | Reached skill level 3 in Unarmed Combat
   531 | D:1      | Gained mutation: You have a pair of small horns on your
                  | head. [demonic ancestry]
   531 | D:1      | Reached XP level 2. HP: 22/24 MP: 2/2
   815 | D:1      | Prayed at the altar of an unknown god.
   815 | D:1      | Became a worshipper of Dithmenos the Shadowed
   815 | D:1      | Reached * piety under Dithmenos
   815 | D:1      | Reached ** piety under Dithmenos
   844 | D:1      | Found Ugiec's Weapon Shop.
   951 | D:1      | Reached *** piety under Dithmenos
  1174 | D:1      | Reached XP level 3. HP: 29/29 MP: 3/3
  1882 | D:2      | Reached skill level 4 in Unarmed Combat
  1882 | D:2      | Reached XP level 4. HP: 32/35 MP: 4/4
  2333 | D:3      | Found Huffoluu's Antique Weapon Shop.
  2428 | D:3      | Noticed Terence
  2472 | D:3      | Killed Terence
  2480 | D:3      | Gained mutation: Spells you cast may paralyse adjacent
                  | enemies. [demonic ancestry]
  2480 | D:3      | Reached XP level 5. HP: 24/41 MP: 5/5
  2481 | D:3      | Reached **** piety under Dithmenos
  3158 | D:4      | Noticed an ogre
  3166 | D:4      | Killed an ogre
  3167 | D:4      | Reached skill level 5 in Unarmed Combat
  3167 | D:4      | Reached XP level 6. HP: 34/47 MP: 6/6
  3302 | D:4      | Found an ancient bone altar of Kikubaaqudgha.
  3938 | D:4      | Noticed Ijyb
  4080 | D:4      | Killed Ijyb
  4433 | D:4      | Reached skill level 6 in Unarmed Combat
  4687 | D:5      | Entered Level 5 of the Dungeon
  4730 | D:4      | Gained mutation: Your movements are slightly less
                  | encumbered by armour. (ER -2) [demonic ancestry]
  4730 | D:4      | Reached XP level 7. HP: 25/52 MP: 7/7
  5022 | D:5      | Found a hide-covered altar of Uskayaw.
  5044 | D:5      | Noticed Grinder
  5054 | D:5      | Killed Grinder
  5055 | D:5      | Reached skill level 5 in Dodging
  5136 | D:5      | Reached skill level 7 in Unarmed Combat
  5608 | D:5      | Found Qokucif's One-of-a-Kind Rings.
  5917 | D:5      | Gained mutation: You sometimes gain a little power by
                  | taking damage. [demonic ancestry]
  5917 | D:5      | Reached XP level 8. HP: 58/58 MP: 8/8
  6502 | D:6      | Reached ***** piety under Dithmenos
  6558 | D:6      | Reached skill level 8 in Unarmed Combat
  7150 | D:6      | Noticed Sigmund
  7151 | D:6      | Found a staircase to the Ecumenical Temple.
  7161 | D:6      | Killed Sigmund
  7162 | D:6      | Reached skill level 9 in Unarmed Combat
  7378 | D:6      | Found an iron altar of Okawaru.
  7673 | D:7      | Noticed a hornet
  7685 | D:7      | Killed a hornet
  7686 | D:7      | Gained mutation: Spells you cast may paralyse nearby
                  | enemies. [demonic ancestry]
  7686 | D:7      | Reached XP level 9. HP: 58/63 MP: 9/9
  8176 | D:7      | Reached skill level 10 in Unarmed Combat
  8179 | D:7      | Found a broken altar of Ashenzari.
  8543 | D:8      | Noticed a kobold demonologist
  8578 | D:8      | Noticed Grum
  8595 | D:8      | Killed Grum
  8802 | D:8      | Found a blossoming altar of Fedhas.
  8891 | D:8      | Noticed Psyche
  8908 | D:8      | Killed Psyche
  8909 | D:8      | Reached skill level 5 in Stealth
  8916 | D:8      | Reached skill level 11 in Unarmed Combat
  8916 | D:8      | HP: 3/63 [poisoned by you (poison gas)]
  8917 | D:8      | Gained mutation: A frigid envelope surrounds you and
                  | freezes all who hurt you. [potion of mutation]
  8917 | D:8      | Gained mutation: You passively dampen the noise of your
                  | surroundings. [potion of mutation]
  8917 | D:8      | Gained mutation: Your system is resistant to poisons.
                  | (rPois) [potion of mutation]
  8917 | D:8      | Succumbed to their own poison gas

Illustrated notes

Levels and vault maps discovered:
D:1:      tarquinn_simple_flora_water_c, layout_basic,
          dreamdust_ecumenical_altar_grove, serial_shops, nicolae_shop_trees,
          roderic_lattice_a
D:2:      layout_basic, minmay_misc_feat_nine_boxes, minmay_pentomino_v4
D:3:      layout_rooms, serial_shops, shop, grunt_decor_clamped, uniq_terence
D:4:      kennysheep_goblin_castle, layout_basic, kiku_gazebo_garden_becter
D:5:      layout_basic, eat_drink_and_be_merry_uskayaw,
          nicolae_shop_unique_rings, minmay_misc_feat_alley,
          due_unseen_surprise, uniq_grinder
D:6:      nicolae_cairo_tiling_large_dashed, layout_loops_corners,
          nicolae_overflow_squiral, temple_hall, uniq_sigmund
D:7:      layout_loops_ring, old_standard_altar, minmay_gold_behind_fungi
D:8:      layout_basic, tso_metal_star, kennysheep_mini_moat, uniq_grum,
          uniq_psyche

Skill      XL: |  1  2  3  4  5  6  7  8  9 |
---------------+----------------------------+-----
Unarmed Combat | 3 4 5 6 7 9 11 | 11.2
Dodging        | 3 4 5 6 |  6.0
Stealth        | 3 5 |  5.8
Fighting       | |  3.0

Action                   |  1- 3 |  4- 6 |  7- 9 || total
-------------------------+-------+-------+-------++-------
Melee: Unarmed           |   136 |   227 |   321 ||   684
       Punch             |     3 |     4 |    16 ||    23
       Headbutt          |    19 |    39 |    85 ||   143
Throw: Dart              |       |       |     5 ||     5
Invok: Shadow Step       |       |       |     1 ||     1
  Use: Potion            |       |     3 |     4 ||     7
       Scroll            |       |       |     3 ||     3
 Stab: Sleeping          |     4 |    14 |     9 ||    27
Armor: Robe              |    16 |    21 |       ||    37
       Ring mail         |       |       |    32 ||    32
Dodge: Dodged            |   107 |   140 |   250 ||   497
